 Dungeon Crawl Stone Soup version 0.19.1-1-g22dce08 (webtiles) character file.

65817 kengeki the Thaumaturge (level 14, -2/68 HPs)
             Began as a Deep Elf Fire Elementalist on Jan 5, 2017.
             Was an Initiate of Vehumet.
             Slain by a komodo dragon (28 damage)
             ... on level 5 of the Lair of Beasts.
             The game lasted 05:24:41 (31890 turns).

kengeki the Thaumaturge (DEFE)                     Turns: 31890, Time: 05:24:42

Health: -2/68      AC:  7    Str:  5    XL:     14   Next: 76%
Magic:  55/55      EV: 17    Int: 33    God:    Vehumet [......]
Gold:   2003       SH:  0    Dex: 20    Spells: 10 memorised, 2 levels left

rFire  + . .     SeeInvis +     a - +4 dagger "Morg" {pain, MR+ Int+5}
rCold  . . .     Gourm    +     e - +1 leather armour of Axkefecw {MR- Int+4 Dex+5}
rNeg   . . .     Faith    .     (no shield)
rPois  .         Spirit   .     (no helmet)
rElec  .         Reflect  .     D - +0 cloak
rCorr  .         Harm     .     V - +0 pair of gloves
MR     +....                    (no boots)
Stlth  +++++.....               t - amulet of the gourmand
                                f - ring of Xachoukago {rF+ MP+9}
                                m - ring of magical power

@: very slightly contaminated
A: see invisible, blink, dopey 1, high mp 1
a: Blink, Renounce Religion


You were on level 5 of the Lair of Beasts.
You worshipped Vehumet.
Vehumet was noncommittal.
You were full.

You visited 5 branches of the dungeon, and saw 23 of its levels.
You also visited: Trove, Ossuary and Ice Cave.

You collected 4385 gold pieces.
You spent 2382 gold pieces at shops.

Inventory:

Hand Weapons
 a - the +4 dagger "Morg" (weapon) {pain, MR+ Int+5}
   (You bought it in a shop on level 1 of the Orcish Mines)

   In the hands of one skilled in necromantic magic, it inflicts extra damage on
   living creatures.
   It affects your intelligence (+5).
   It affects your resistance to hostile enchantments.
Missiles
 I - 6 curare-tipped needles (quivered)
Armour
 e - the +1 leather armour of Axkefecw (worn) {MR- Int+4 Dex+5}
   (You bought it in a shop on level 2 of the Orcish Mines)

   It affects your intelligence (+4).
   It affects your dexterity (+5).
   It affects your resistance to hostile enchantments.
 D - a +0 cloak (worn)
 E - a +0 troll leather armour
 V - a +0 pair of gloves (worn)
Jewellery
 c - the ring of Cyigroit {rF+ rC+ rN+ Int+3}
   (You found it in an ice cave)

   [ring of protection from cold]

   It affects your intelligence (+3).
   It protects you from fire.
   It protects you from cold.
   It protects you from negative energy.
 f - the ring of Xachoukago (right hand) {rF+ MP+9}
   (You bought it in a shop on level 2 of the Orcish Mines)

   [ring of protection from fire]

   It protects you from fire.
   It affects your magic capacity (+9).
 k - an uncursed ring of resist corrosion
 m - a ring of magical power (left hand)
 p - the ring of Putom {rPois Slay+3}
   (You found it in a treasure trove)

   [ring of slaying]

   It affects your accuracy and damage with ranged weapons and melee attacks
   (+3).
   It protects you from poison.
 t - an amulet of the gourmand (around neck)
Wands
 F - a wand of confusion (28/48)
 J - a wand of iceblast (3/15)
 P - a wand of lightning (5/15)
 R - a wand of paralysis (15/24)
 X - a wand of lightning (5/15)
Scrolls
 n - 7 scrolls of amnesia
 y - 4 scrolls of identify
 M - 3 scrolls of remove curse
 N - 2 scrolls of teleportation
 S - a scroll of magic mapping
Potions
 g - 2 potions of flight
 j - a potion of lignification
 l - 2 potions of curing
 q - a potion of resistance
 r - 2 potions of cancellation
 s - a potion of brilliance
 x - a potion of ambrosia
 B - 3 potions of might
 K - a potion of berserk rage
 Z - a potion of haste
Miscellaneous
 w - a fan of gales
 A - a lamp of fire
Comestibles
 G - 31 royal jellies


   Skills:
 - Level 8.1 Armour
 + Level 8.5 Dodging
 + Level 10.5 Stealth
 + Level 14.4 Spellcasting
 + Level 12.6 Conjurations
 - Level 6.0 Hexes
 - Level 8.1 Charms
 + Level 12.3 Fire Magic
 - Level 9.6 Evocations


You had 2 spell levels left.
You knew the following spells:

 Your Spells              Type           Power        Failure   Level  Hunger
a - Apportation           Tloc           ###.......   2%          1    None
b - Orb of Destruction    Conj           #######...   14%         7    #####..
c - Cause Fear            Hex            ######....   2%          4    None
f - Fireball              Conj/Fire      #######...   1%          5    None
i - Iskenderun's Mystic   Conj           #######.     1%          4    None
o - Bolt of Fire          Conj/Fire      #######...   2%          6    ###....
q - Slow                  Hex            ######..     1%          2    None
s - Sticky Flame          Conj/Fire      #######.     1%          4    None
t - Flame Tongue          Conj/Fire      #####        0%          1    None
z - Iskenderun's Battles  Conj/Chrm      #######.     1%          5    None


Dungeon Overview and Level Annotations

Branches:
Dungeon (14/15)            Temple (1/1) D:7            Lair (5/6) D:8
  Swamp (0/4) Lair:2        Snake (0/4) Lair:4        Slime (0/5) Lair:5
    Orc (2/2) D:11            Elf (1/3) Orc:2
 Vaults: D:13-14

Altars:
Ashenzari
Cheibriados
Dithmenos
Elyvilon
Fedhas
Gozag
Hepliaklqana
Kikubaaqudgha
Makhleb
Nemelex Xobeh
Okawaru
Qazlal
Ru
Sif Muna
Trog
Uskayaw
Vehumet
Xom
Yredelemnul
Zin
The Shining One
Beogh

Shops:
D:11 *   Orc:1 }(%   Orc:2 !=[(

Annotations:
D:11 stash
Orc:2 stash, exclusion: downstairs


Innate Abilities, Weirdness & Mutations

You have supernaturally acute eyesight. (SInv)
You can translocate small distances at will.
You are dopey. (Int -2)
You have an increased reservoir of magic. (+10% MP)


Message History

Okay, then.
Unknown command.
Blink to where?
Press: ? - help, Dir - move target cursor You are very lightly contaminated with residual magic.
As you read the scroll of blinking, it crumbles to dust.
As you read the scroll of magic mapping, it crumbles to dust.
You feel aware of your surroundings.
You sensed 1 altar.
You hit the bush but do no damage.
Found a potion of degeneration.
A polar bear comes into view.
A komodo dragon comes into view.
The komodo dragon hisses angrily.
Something bites the plant!!
Something claws the plant but does no damage. x2
Found an escape hatch in the floor.
The komodo dragon completely misses you.
Found 23 gold pieces.
The komodo dragon bites you!!
You die...

..#..##P.#.#.#,,,,,*,,****,,**,,,
............!.........,,,,,,,,,,,
......P##..P.........*,*,,,,***#.
###.#.###**#........#****,,** *#.
#....P# *#.......####..,* *..
###.h## ##.......$##....* *#.
#...# #........#**....* #. ###..#
#P....>..##**...* ##. #....#
*#...@....####.#####..
#...P######..l#.....#.#.##P##.< *
##...P.#P##..###...............
***#..........##*,#..PP#.........
*,*##...#P.....#*,,.PP##..P..###.
,.......###.P.##*,*,###.#.#### #.
,###P..## ##.....,,,* #*#..** #.
*,*##..# *....##*,,****P...* #.
****...# ##....#*,,**,#..P.# #.


You could see a komodo dragon.

Vanquished Creatures
  A sphinx (D:13)
  A frost giant (IceCv)
  An orc warlord (Orc:2)
  Nessos (Lair:4)
  A deep elf annihilator (D:13)
  6 hydras
  Harold (D:10)
  A spriggan air mage (D:13)
  A death knight (D:12)
  A death yak (IceCv)
  An orc high priest (Orc:2)
  A deep troll earth mage (D:13)
  Sonja (Lair:3)
  An unseen horror (D:12)
  Pikel (D:5)
  2 lindwurms (Lair:4)
  4 orc knights (Orc:2)
  4 hill giants
  2 manticores (D:13)
  5 orc sorcerers
  2 ugly things
  A centaur zombie (D:11)
  3 black mambas
  2 elephants (Lair:4)
  A torpor snail (Lair:4)
  An ice statue (IceCv)
  Psyche (D:8)
  5 spiny frogs
  5 komodo dragons
  6 rime drakes
  2 freezing wraiths (D:12)
  4 meliai
  16 polar bears (IceCv)
  2 queen bees
  2 hornets (D:8)
  3 two-headed ogres
  2 trolls (Orc:2)
  5 slime creatures (D:12)
  A meliai zombie (D:12)
  5 hippogriffs
  4 blink frogs (Lair:1)
  2 wraiths
  Sigmund (D:5)
  5 wyverns
  55 yaks
  2 basilisks (Lair:3)
  A steam dragon (Lair:4)
  2 vampire mosquitoes (D:12)
  A hungry ghost (D:10)
  A mottled dragon (D:8)
  2 soldier ants (D:8)
  Menkaure (D:7)
  2 wargs (Orc:2)
  2 nagas (Lair:4)
  5 porcupines
  8 water moccasins
  30 orc warriors
  4 slaves (D:5)
  3 ice beasts
  A black bear (D:8)
  3 sky beasts
  2 phantoms
  A necrophage (D:11)
  14 ogres
  A centaur (D:9)
  26 wolves
  8 crocodiles
  2 big kobolds
  14 bullfrogs
  A wyvern zombie (D:8)
  2 scorpions
  55 killer bees
  8 howler monkeys
  5 wights (D:11)
  2 bullfrog zombies
  A quasit (D:7)
  5 jellies
  4 crimson imps
  6 hounds
  Crazy Yiuf (D:7)
  A centaur skeleton (D:5)
  16 orc priests
  20 orc wizards
  Jessica (D:2)
  2 bullfrog skeletons
  9 iguanas
  Ijyb (D:2)
  8 worker ants
  A killer bee zombie (D:8)
  A hound skeleton (D:4)
  13 mummies (Ossuary)
  3 worker ant zombies
  7 gnolls
  20 adders
  12 white imps (D:11)
  An adder zombie (D:9)
  2 adder skeletons
  3 worms (D:2)
  4 dart slugs
  4 leopard geckos
  91 orcs
  13 bats
  3 giant cockroaches
  12 goblins
  7 hobgoblins
  17 jackals
  4 quokkas
  4 frilled lizards
  2 gnoll skeletons (Ossuary)
  2 goblin skeletons (Ossuary)
  14 kobolds
  A kobold skeleton (Ossuary)
  A leopard gecko skeleton (D:4)
  2 orc skeletons (Ossuary)
  2 quokka skeletons (D:4)
  10 rats
  11 rat skeletons (Ossuary)
  4 plants (Lair:5)
728 creatures vanquished.

Vanquished Creatures (collateral kills)
  A killer bee (D:9)
1 creature vanquished.

Vanquished Creatures (others)
  2 polar bears (IceCv)
  2 yaks (IceCv)
  2 killer bees (Lair:4)
  An orc (D:13)
  A goblin skeleton (Ossuary)
  9 fungi
  11 plants
28 creatures vanquished.

Grand Total: 757 creatures vanquished

Notes
Turn   | Place    | Note
-------+----------+-------------------------------------------
     0 | D:1      | kengeki the Deep Elf Fire Elementalist began the quest for the Orb.
     0 | D:1      | Reached XP level 1. HP: 10/10 MP: 6/6
   175 | D:1      | Reached XP level 2. HP: 9/15 MP: 4/8
   975 | D:1      | Reached XP level 3. HP: 16/19 MP: 1/9
  1578 | D:2      | Noticed Jessica
  1580 | D:2      | Killed Jessica
  1580 | D:2      | Reached XP level 4. HP: 24/24 MP: 7/10
  1826 | D:2      | Learned a level 4 spell: Sticky Flame
  2232 | D:2      | Noticed Ijyb
  2311 | D:2      | Killed Ijyb
  2311 | D:2      | Reached XP level 5. HP: 28/28 MP: 1/12
  2422 | D:2      | Learned a level 5 spell: Fireball
  2600 | D:2      | Reached skill level 4 in Spellcasting
  3509 | D:4      | Reached skill level 5 in Conjurations
  3509 | D:4      | Reached XP level 6. HP: 23/32 MP: 7/14
  3703 | D:4      | Noticed a sky beast
  3712 | D:4      | Killed a sky beast
  3712 | D:4      | Reached skill level 5 in Fire Magic
  3813 | D:4      | Reached skill level 5 in Spellcasting
  3949 | D:4      | Reached XP level 7. HP: 36/36 MP: 9/17
  4600 | D:4      | Reached skill level 6 in Spellcasting
  4961 | D:5      | Entered Level 5 of the Dungeon
  5332 | D:5      | Noticed Pikel
  5511 | D:5      | Noticed Sigmund
  5536 | D:5      | Killed Sigmund
  5536 | D:5      | Reached XP level 8. HP: 41/41 MP: 3/20
  5647 | D:5      | Killed Pikel
  5647 | D:5      | Reached skill level 7 in Spellcasting
  5732 | D:5      | Found a deep blue altar of Sif Muna.
  6057 | D:5      | Gained mutation: You have an increased reservoir of magic. (+10% MP) [potion of mutation]
  6057 | D:5      | Gained mutation: You are dopey. (Int -2) [potion of mutation]
  6057 | D:5      | Gained mutation: You have supernaturally acute eyesight. (SInv) [potion of mutation]
  6233 | D:6      | Reached skill level 8 in Spellcasting
  6238 | D:6      | Reached skill level 1 in Evocations
  6289 | D:6      | Found a sand-covered staircase.
  6296 | D:6      | Reached skill level 5 in Dodging
  6360 | Ossuary  | Entered an ossuary
  6530 | Ossuary  | Reached XP level 9. HP: 45/45 MP: 23/25
  7046 | Ossuary  | Gained mutation: You can translocate small distances at will. [potion of beneficial mutation]
  7465 | D:7      | Noticed Menkaure
  7466 | D:7      | Killed Menkaure
  7930 | D:7      | Found a staircase to the Ecumenical Temple.
  7939 | Temple   | Entered the Ecumenical Temple
  7944 | Temple   | Became a worshipper of Vehumet
  8662 | D:7      | Found a runed door.
  8667 | D:7      | Noticed Crazy Yiuf
  8673 | D:7      | Killed Crazy Yiuf
  8985 | D:8      | Reached skill level 9 in Spellcasting
  9012 | D:8      | Found a blossoming altar of Fedhas.
  9126 | D:8      | Found an ancient bone altar of Kikubaaqudgha.
  9628 | D:8      | Noticed Psyche
  9632 | D:8      | Killed Psyche
  9632 | D:8      | Reached XP level 10. HP: 50/50 MP: 16/28
 10004 | D:8      | Reached skill level 10 in Spellcasting
 10009 | D:8      | Reached * piety under Vehumet
 10009 | D:8      | Offered knowledge of Shock by Vehumet.
 10159 | D:8      | Found a staircase to the Lair.
 10299 | D:8      | Learned a level 2 spell: Slow
 10300 | Lair:1   | Entered Level 1 of the Lair of Beasts
 10309 | Lair:1   | Reached skill level 5 in Evocations
 10376 | Lair:1   | Reached skill level 1 in Hexes
 10410 | Lair:1   | Reached skill level 5 in Stealth
 10483 | Lair:1   | Noticed a black mamba
 10503 | Lair:1   | Killed a black mamba
 11516 | Lair:2   | Found a staircase to the Swamp.
 11547 | Lair:2   | Noticed a spiny frog
 11565 | Lair:2   | Killed a spiny frog
 11642 | Lair:2   | Reached skill level 5 in Hexes
 11642 | Lair:2   | Reached XP level 11. HP: 54/54 MP: 27/30
 11942 | Lair:1   | Reached skill level 11 in Spellcasting
 12958 | Lair:3   | Noticed Sonja
 12962 | Lair:3   | Noticed a six-headed hydra
 12962 | Lair:3   | Killed Sonja
 13156 | Lair:3   | Killed a six-headed hydra
 13156 | Lair:3   | Reached skill level 10 in Fire Magic
 13422 | Lair:3   | Noticed a five-headed hydra
 13447 | Lair:3   | Killed a five-headed hydra
 13447 | Lair:3   | Reached skill level 10 in Conjurations
 13543 | Lair:3   | Offered knowledge of Sandblast by Vehumet.
 13906 | Lair:3   | Noticed a seven-headed hydra
 13912 | Lair:3   | Killed a seven-headed hydra
 13917 | Lair:3   | Reached ** piety under Vehumet
 13917 | Lair:3   | Reached skill level 12 in Spellcasting
 14751 | Lair:4   | Reached XP level 12. HP: 59/59 MP: 28/33
 14786 | Lair:4   | Noticed Nessos
 14796 | Lair:4   | Killed Nessos
 15257 | Lair:4   | Offered knowledge of Ignite Poison by Vehumet.
 15483 | Lair:4   | Reached skill level 13 in Spellcasting
 15642 | Lair:4   | Reached *** piety under Vehumet
 16066 | Lair:4   | Offered knowledge of Stone Arrow by Vehumet.
 16200 | Lair:4   | Noticed a five-headed hydra
 16401 | Lair:4   | Killed a five-headed hydra
 16983 | D:9      | Reached **** piety under Vehumet
 16985 | D:9      | Offered knowledge of Iskenderun's Mystic Blast by Vehumet.
 17274 | D:9      | Learned a level 4 spell: Cause Fear
 17276 | D:9      | Learned a level 1 spell: Apportation
 17853 | D:10     | Entered Level 10 of the Dungeon
 17959 | D:10     | Reached XP level 13. HP: 63/63 MP: 30/35
 18504 | D:10     | Noticed Harold
 18532 | D:10     | Killed Harold
 18552 | D:10     | Learned a level 4 spell: Iskenderun's Mystic Blast
 19620 | D:11     | Found a frozen archway.
 19625 | D:11     | Reached ***** piety under Vehumet
 19769 | IceCv    | Entered an ice cave
 19771 | IceCv    | Offered knowledge of Iskenderun's Battlesphere by Vehumet.
 19771 | IceCv    | Reached skill level 1 in Armour
 20161 | IceCv    | Got a brightly glowing granite ring
 20167 | IceCv    | Identified the ring of Cyigroit {rF+ rC+ rN+ Int+3} (You found it in an ice cave)
 21298 | IceCv    | Reached skill level 5 in Armour
 22132 | IceCv    | Noticed a frost giant
 22141 | IceCv    | Killed a frost giant
 22288 | IceCv    | Got a flickering granite ring
 22291 | IceCv    | Identified the ring of Saacoje {Int+3 Dex+4 SInv} (You took it off a frost giant in an ice cave)
 22711 | D:11     | Found Loih's General Store.
 22908 | D:11     | Found a staircase to the Orcish Mines.
 23420 | Orc:1    | Entered Level 1 of the Orcish Mines
 23524 | Orc:1    | Found Wimauc's Gadget Emporium.
 23559 | Orc:1    | Found Finirpho's Antique Weapon Shop.
 23704 | Orc:1    | Learned a level 5 spell: Iskenderun's Battlesphere
 23758 | Orc:1    | Found Tiatoj's Food Shop.
 23866 | Orc:1    | Reached skill level 1 in Charms
 24125 | Orc:1    | Found a roughly hewn altar of Beogh.
 24286 | Orc:2    | Entered Level 2 of the Orcish Mines
 24291 | Orc:2    | Offered knowledge of Bolt of Fire by Vehumet.
 24303 | Orc:1    | Learned a level 6 spell: Bolt of Fire
 24678 | Orc:2    | Reached XP level 14. HP: 68/68 MP: 27/37
 24943 | Orc:2    | Found a roughly hewn altar of Beogh.
 25090 | Orc:2    | Reached skill level 5 in Charms
 25167 | Orc:2    | Found a roughly hewn altar of Beogh.
 25187 | Orc:2    | Found a roughly hewn altar of Beogh.
 25213 | Orc:2    | Found a staircase to the Elven Halls.
 25335 | Orc:2    | Found a roughly hewn altar of Beogh.
 25342 | Orc:2    | Found Jinicugg's Jewellery Shop.
 25460 | Orc:2    | Found a roughly hewn altar of Beogh.
 25758 | Orc:2    | Found a roughly hewn altar of Beogh.
 25857 | Orc:2    | Found a roughly hewn altar of Beogh.
 26280 | Orc:2    | Found Jifaloc's Distillery.
 26286 | Orc:2    | Bought a potion of invisibility for 96 gold pieces
 26286 | Orc:2    | Bought a potion of flight for 36 gold pieces
 26286 | Orc:2    | Bought a potion of ambrosia for 96 gold pieces
 26286 | Orc:2    | Bought a potion of lignification for 36 gold pieces
 26454 | Orc:2    | Noticed an orc warlord
 26459 | Orc:2    | Killed an orc warlord
 26810 | Orc:2    | Offered knowledge of Bolt of Magma by Vehumet.
 26911 | Orc:2    | Found Tytsoick's Antique Armour Shop.
 26912 | Orc:2    | Found a roughly hewn altar of Beogh.
 26913 | Orc:2    | Found Fudiybia's Antique Weapon Boutique.
 26933 | Orc:2    | Bought a dazzling leather armour for 147 gold pieces
 26963 | Orc:2    | Identified the +1 leather armour of Axkefecw {MR- Int+4 Dex+5} (You bought it in a shop on level 2 of the Orcish Mines)
 26988 | Orc:2    | Bought the ring of Xachoukago {rF+ MP+9} for 480 gold pieces
 27058 | Elf:1    | Entered Level 1 of the Elven Halls
 27400 | D:12     | Identified a scroll of acquirement
 27591 | D:12     | Reached skill level 14 in Spellcasting
 28199 | D:12     | Got a pair of encrusted gloves
 28200 | D:12     | Identified the +1 pair of gloves "Ickidiru" {-Cast rF+ MR+ SInv} (You acquired it on level 12 of the Dungeon)
 28367 | D:13     | HP: 2/68 [centaur warrior/arrow (21)]
 28637 | D:13     | Found a portal to a secret trove of treasure.
 29220 | D:13     | Noticed a sphinx
 29224 | D:13     | Killed a sphinx
 29224 | D:13     | Reached skill level 10 in Stealth
 29367 | D:13     | Noticed a frost giant
 30020 | Lair:4   | Learned a level 7 spell: Orb of Destruction
 30180 | Lair:4   | Found a staircase to the Snake Pit.
 31218 | Orc:1    | Bought the +4 dagger "Morg" {pain, MR+ Int+5} for 1491 gold pieces
 31348 | Trove    | Entered a treasure trove
 31368 | Trove    | Got a sparkling lead ring
 31486 | D:11     | Identified the ring of Putom {rPois Slay+3} (You found it in a treasure trove)
 31851 | Lair:5   | Noticed an acid blob
 31890 | Lair:5   | Slain by a komodo dragon

Skill      XL: |  1  2  3  4  5  6  7  8  9 10 11 12 13 14 |
---------------+-------------------------------------------+-----
Conjurations   | 2 3 4 5 6 7 8 9 10 11 12 | 12.6
Fire Magic     | 4 5 6 7 8 9 10 11 12 | 12.3
Spellcasting   | 4 5 6 8 9 10 12 13 14 | 14.4
Dodging        | 5 6 8 |  8.5
Evocations     | 1 4 5 7 9 |  9.6
Stealth        | 4 5 7 8 10 | 10.5
Hexes          | 5 6 |  6.0
Armour         | 7 8 |  8.1
Charms         | 4 8 |  8.1

Action                   |  1- 3 |  4- 6 |  7- 9 | 10-12 | 13-15 || total
-------------------------+-------+-------+-------+-------+-------++-------
Melee: Dagger            |     7 |       |       |       |     1 ||     8
       Short sword       |       |     9 |     4 |       |       ||    13
       Broad axe         |       |       |       |    11 |    36 ||    47
 Cast: Flame Tongue      |    57 |   110 |   172 |   131 |   145 ||   615
       Sticky Flame      |       |     3 |    32 |   118 |    43 ||   196
       Fireball          |       |       |    19 |    89 |   159 ||   267
       Slow              |       |       |       |     5 |       ||     5
       Apportation       |       |       |       |     1 |    19 ||    20
       Iskenderun's Myst |       |       |       |       |   171 ||   171
       Iskenderun's Batt |       |       |       |       |    59 ||    59
       Bolt of Fire      |       |       |       |       |    26 ||    26
       Cause Fear        |       |       |       |       |     1 ||     1
 Abil: Evoke Berserk Rag |       |     1 |       |       |       ||     1
       Blink             |       |       |       |     3 |     4 ||     7
Evoke: Wand              |       |       |    11 |    53 |       ||    64
       Lamp of fire      |       |       |       |       |     1 ||     1
  Use: Scroll            |       |     8 |    12 |     8 |    18 ||    46
       Potion            |       |       |    11 |    10 |     2 ||    23
 Stab: Sleeping          |       |     1 |     2 |     2 |       ||     5
       Confused          |       |       |       |     2 |       ||     2
  Eat: Chunk             |     2 |     8 |    17 |    49 |    49 ||   125
       Fruit             |       |     1 |     6 |     4 |       ||    11
       Pizza             |       |       |     1 |       |       ||     1
Armor: Robe              |     5 |    10 |    10 |     2 |       ||    27
       Skin              |       |       |       |   128 |       ||   128
       Steam dragon scal |       |       |       |     2 |     4 ||     6
       Leather armour    |       |       |       |       |     4 ||     4
Dodge: Dodged            |    21 |    25 |    30 |   116 |    75 ||   267
